 Dungeon Crawl Stone Soup version 0.30-a0-393-g54b8e3be05 (webtiles) character file.

Game seed: 5872310752025809402

15380 lunkers the Fighter (level 12, 0/116 HPs)
             Began as a Meteoran Fighter on Dec 5, 2022.
             Was an Initiate of Gozag.
             Slain by an elephant (5 damage)
             ... on level 5 of the Lair of Beasts.
             The game lasted 00:19:08 (4062 turns).

lunkers the Fighter (Meteoran Fighter)              Turns: 4062, Time: 00:19:08

Health: 0/116      AC: 11    Str: 23    XL:     12   Next: 93%
Magic:  0/13       EV: 12    Int: 10    God:    Gozag
Gold:   1271       SH: 12    Dex: 18    Spells: 11/11 levels left

rFire   + . .      SeeInvis .    j - +5 sling of Deask {elec, Fragile rCorr Str+4}
rCold   . . .      Faith    .    G - +0 kite shield
rNeg    . . .      Spirit   +    b - +0 scale mail
rPois   .          Reflect  .    K - +0 hat {Will+}
rElec   .          Harm     .    g - +1 cloak
rCorr   +          Rampage  .    (no gloves)
Will    +++..                    p - +0 pair of boots
Stlth   ..........               v - amulet of guardian spirit
HPRegen 0.39/turn                q - ring of protection from fire
MPRegen 0.13/turn                B - ring of willpower

@: glowing
A: sense surroundings 2, otherworldly, glowing, explore regen
a: Renounce Religion, Potion Petition, Call Merchant, Bribe Branch


You were on level 5 of the Lair of Beasts.
You worshipped Gozag.
Gozag was most pleased with you.
You visited 3 branches of the dungeon, and saw 15 of its levels.

You collected 1445 gold pieces.
You paid 174 gold pieces to Gozag.

Inventory:

Hand Weapons
 j - the +5 sling of Deask (weapon) {elec, Fragile rCorr Str+4}
   (You found it on level 2 of the Dungeon)

   Any ammunition fired from it occasionally discharges a powerful burst of
   electricity upon striking a foe.
   Str:       It affects your strength (+4).
   rCorr:     It protects you from acid and corrosion.
   Fragile:   It will be destroyed if unequipped.
 J - a +5 scimitar
Missiles
 D - 2 throwing nets
Armour
 b - a +0 scale mail (worn)
 c - a +0 buckler
 g - a +1 cloak (worn)
 o - a +0 tower shield
 p - a +0 pair of boots (worn)
 G - a +0 kite shield (worn)
 K - a +0 hat of willpower (worn)
Jewellery
 h - an amulet of the acrobat
 q - a ring of protection from fire (left hand)
 u - a +6 ring of intelligence
 v - an amulet of guardian spirit (around neck)
 B - a ring of willpower (right hand)
 E - a ring of fire
Wands
 a - a wand of charming (6)
 e - a wand of acid (4)
 l - a wand of flame (12)
 F - a wand of iceblast (9)
Scrolls
 i - 2 scrolls of magic mapping
 m - 2 scrolls of enchant weapon
 n - 2 scrolls of teleportation
 z - a scroll of fear
 C - a scroll of amnesia
Potions
 d - 4 potions of might
 f - 2 potions of haste
 k - 5 potions of magic
 r - 2 potions of resistance
 s - a potion of flight {unknown}
 t - 2 potions of heal wounds {unknown}
 w - a potion of brilliance {unknown}
 x - 3 potions of attraction
 A - 5 potions of curing
 I - 2 potions of degeneration {unknown}


   Skills:
 + Level 13.8 Fighting
 - Level 4.6 Long Blades
 - Level 10.0 Ranged Weapons
 + Level 7.5 Armour
 + Level 6.2 Dodging
 * Level 9.8 Shields
 - Level 6.0 Evocations


You had 11 spell levels left.
You didn't know any spells.
Your spell library contained the following spells:

 Spells                   Type           Power      Damage    Failure   Level
 Beastly Appendage        Tmut           0%         N/A       89%         1
 Sandblast                Erth           0%         2d4       89%         1
 Passwall                 Tmut/Erth      0%         N/A       96%         2
 Wereblood                Tmut           0%         N/A       96%         2
 Ozocubu's Armour         Ice            0%         N/A       99%         3
 Spider Form              Tmut/Pois      0%         N/A       99%         3
 Stone Arrow              Conj/Erth      0%         3d7       99%         3
 Metabolic Englaciation   Hex/Ice        0%         N/A       100%        5
 Simulacrum               Ice/Necr       Unusable   N/A       N/A         6

Dungeon Overview and Level Annotations

Branches:
Dungeon (9/15) Zot: 2314   Temple (1/1) D:7 Zot: 554    Lair (4/5) D:8 Zot: 1901
 Spider (0/4) Lair:2
  Swamp: Lair:2-3    Shoals: Lair:2-3     Slime: Lair:4-5       Orc: D:9-12

Altars:
Ashenzari
Cheibriados
Dithmenos
Elyvilon
Fedhas
Gozag
Hepliaklqana
Kikubaaqudgha
Makhleb
Nemelex Xobeh
Okawaru
Ru
Sif Muna
Trog
Uskayaw
Vehumet
Wu Jian
Xom
Yredelemnul
Zin
The Shining One
Jiyva

Shops:
D:5 (


Innate Abilities, Weirdness & Mutations

You passively map the area around you.
You are easily found by Zot.
You glow in the dark.
You regain HP and MP as you explore.


Message History

Press: ? - help, Q - select action, (/) - cycle Shift-Dir - straight line, f/p - elephant
Aim: an elephant (moderately wounded, 92% to hit)
You shoot a sling bullet. The sling bullet hits the elephant.
The elephant is moderately wounded.
The elephant is distracted by your dazzling golden aura.
Fire: j) +5 sling of Deask {elec, Fragile rCorr Str+4}
Press: ? - help, Q - select action, (/) - cycle Shift-Dir - straight line, f/p - elephant
Aim: an elephant (moderately wounded, unaware, hasn't noticed you, 92% to hit)
You shoot a sling bullet. The sling bullet hits the elephant.
The elephant is no longer distracted by gold.
The elephant is moderately wounded.
The elephant closely misses you. You block the elephant's attack.
Fire: j) +5 sling of Deask {elec, Fragile rCorr Str+4}
Press: ? - help, Q - select action, (/) - cycle Shift-Dir - straight line, f/p - elephant
Aim: an elephant (moderately wounded, 92% to hit)
You shoot a sling bullet. The sling bullet hits the elephant.
The elephant is moderately wounded.
The elephant tramples you!
* * * LOW MAGIC WARNING * * *
* * * LOW HITPOINT WARNING * * *
You stumble backwards!
Fire: j) +5 sling of Deask {elec, Fragile rCorr Str+4}
Press: ? - help, Q - select action, (/) - cycle Shift-Dir - straight line, f/p - elephant
Aim: an elephant (moderately wounded, 92% to hit)
You shoot a sling bullet. The sling bullet hits the elephant!
Lightning courses through the elephant!
The elephant is severely wounded.
The elephant tramples you.
* * * LOW HITPOINT WARNING * * *
You stumble backwards!
Fire: j) +5 sling of Deask {elec, Fragile rCorr Str+4}
Press: ? - help, Q - select action, (/) - cycle Shift-Dir - straight line, f/p - elephant
Aim: an elephant (severely wounded, 92% to hit)
You shoot a sling bullet.
The sling bullet hits the elephant but does no damage.
The elephant is severely wounded.
The elephant tramples you.
* * * LOW MAGIC WARNING * * *
You die...
Your body crumbles into a pile of gold.

..... ######. #..$#*.~# ~ ~
#....##.#.#.###...##~~# ~ 8~~ ~
.....#....#.##....~.~.# *
.....[...........~~~~~# ~ ~ ~ ~
..................#.~~#~~ ~
..................#~~~# $
..................P.~~# $ $
#...............Y.~~~~# *
##.....#.##..#..@.P#~~# ~
##...P.#######....##~~# ~ ~ ,
#.....###.#...#...~~~.##########
##....#..........~~.~~#.~~~~~~~~~
P.................##~~#~~~P~PP~~~
.......###.P.#.#..##.~#~~.~~~~~~~
.#....#####..##..~~~P~##~~.~~~#~~
##....#...#P..PP..~~~~~~~~~~~~~~~
..................#~.~#~~~#~~~# ~


You could see an elephant.

Vanquished Creatures
  A sea snake (Lair:5)
  Pikel (D:8)
  A manticore (Lair:5)
  An oklob plant (Lair:3)
  An elephant (D:7)
  A black mamba (Lair:2)
  10 cane toads
  A torpor snail (Lair:1)
  A rime drake (Lair:5)
  A komodo dragon (Lair:5)
  A polar bear (Lair:1)
  Prince Ribbit (D:8)
  5 blink frogs (Lair:5)
  A hog (Lair:3)
  22 yaks
  Eustachio (D:6)
  4 wyverns
  2 basilisks
  A steam dragon (D:8)
  6 water moccasins
  5 black bears
  2 ogres
  2 centaurs
  4 wolves (Lair:5)
  2 lemures (D:8)
  A phantom (D:5)
  A necrophage (D:5)
  A scorpion (D:6)
  6 bullfrogs
  11 wights
  5 jellies (D:8)
  An orc priest (D:7)
  A gnoll bouda (D:5)
  A hound (D:4)
  3 iguanas
  3 orc wizards
  8 gnolls
  8 adders
  2 shadow imps
  2 white imps
  An ufetubus (D:6)
  3 worms
  11 dart slugs
  11 orcs
  4 ball pythons
  3 bats (D:2)
  3 endoplasms
  2 giant cockroaches
  7 goblins
  5 hobgoblins
  8 jackals
  2 quokkas
  A frilled lizard (D:3)
  4 kobolds
  4 rats
201 creatures vanquished.

Vanquished Creatures (others)
  24 fungi
  16 plants
40 creatures vanquished.

Grand Total: 241 creatures vanquished

Notes
Turn   | Place    | Note
-------+----------+-------------------------------------------
     0 | D:1      | lunkers the Meteoran Fighter began the quest for the Orb.
     0 | D:1      | Reached XP level 1. HP: 19/19 MP: 2/2
    39 | D:1      | Reached XP level 2. HP: 16/26 MP: 3/3
   224 | D:2      | Reached XP level 3. HP: 31/31 MP: 4/4
   355 | D:2      | Reached XP level 4. HP: 38/38 MP: 5/5
   355 | D:2      | Identified the +5 sling of Deask {elec, Fragile rCorr
                  | Str+4}
   393 | D:2      | Reached skill level 1 in Ranged Weapons
   601 | D:3      | Reached XP level 5. HP: 44/45 MP: 6/6
   842 | D:4      | Reached XP level 6. HP: 51/51 MP: 7/7
  1161 | D:5      | Entered Level 5 of the Dungeon
  1208 | D:5      | Reached skill level 5 in Ranged Weapons
  1265 | D:5      | Reached XP level 7. HP: 57/57 MP: 8/8
  1433 | D:5      | Reached XP level 8. HP: 63/63 MP: 9/9
  1471 | D:5      | Found Loiwaz's Antique Weapon Boutique.
  1526 | D:6      | Noticed Eustachio
  1530 | D:6      | Killed Eustachio
  1531 | D:6      | Reached skill level 4 in Fighting
  1608 | D:6      | Reached skill level 5 in Fighting
  1723 | D:6      | Gained mutation: You passively map the area around you.
                  | [Meteoran growth]
  1723 | D:6      | Reached XP level 9. HP: 59/74 MP: 10/10
  1845 | D:7      | Reached skill level 6 in Fighting
  1920 | D:7      | Found a staircase to the Ecumenical Temple.
  1980 | Temple   | Entered the Ecumenical Temple
  2020 | Temple   | Became a worshipper of Gozag Ym Sagoz the Greedy
  2161 | D:7      | Found a glowing silver altar of Zin.
  2166 | D:7      | Found a snail-covered altar of Cheibriados.
  2167 | D:7      | Found an iron altar of Okawaru.
  2167 | D:7      | Found a radiant altar of Vehumet.
  2167 | D:7      | Found a shadowy altar of Dithmenos.
  2170 | D:7      | Found an ancient bone altar of Kikubaaqudgha.
  2170 | D:7      | Found a shimmering blue altar of Sif Muna.
  2171 | D:7      | Found a blossoming altar of Fedhas.
  2373 | D:8      | Reached skill level 10 in Ranged Weapons
  2374 | D:8      | Reached skill level 7 in Fighting
  2404 | D:8      | Reached skill level 8 in Fighting
  2579 | D:8      | Noticed Prince Ribbit
  2583 | D:8      | Killed Prince Ribbit
  2626 | D:8      | Noticed Pikel
  2641 | D:8      | Killed Pikel
  2642 | D:8      | Reached skill level 9 in Fighting
  2642 | D:8      | Reached XP level 10. HP: 50/93 MP: 5/11
  2649 | D:8      | Reached skill level 10 in Fighting
  2663 | D:8      | Found a viscous altar of Jiyva.
  2805 | D:8      | Found a staircase to the Lair.
  2805 | D:8      | Noticed an elephant
  2818 | D:8      | Reached skill level 11 in Fighting
  2827 | D:7      | Killed an elephant
  2886 | D:8      | Reached skill level 12 in Fighting
  2903 | Lair:1   | Entered Level 1 of the Lair of Beasts
  3049 | Lair:1   | Noticed a torpor snail
  3059 | Lair:1   | Killed a torpor snail
  3063 | Lair:1   | Noticed a cane toad
  3071 | Lair:1   | Killed a cane toad
  3072 | Lair:1   | Reached skill level 1 in Dodging
  3072 | Lair:1   | Reached XP level 11. HP: 84/105 MP: 10/12
  3111 | Lair:1   | Reached skill level 1 in Evocations
  3142 | Lair:1   | Reached skill level 5 in Shields
  3242 | Lair:2   | Noticed a black mamba
  3246 | Lair:2   | Killed a black mamba
  3247 | Lair:2   | Reached skill level 5 in Armour
  3269 | Lair:2   | Found a hole to the Spider Nest.
  3288 | Lair:2   | Reached skill level 13 in Fighting
  3346 | Lair:3   | Reached skill level 5 in Evocations
  3430 | Lair:2   | Reached XP level 12. HP: 108/115 MP: 11/13
  3527 | Lair:3   | Found a glowing silver altar of Zin.
  3641 | Lair:4   | You fall into a shaft and drop 1 floor!
  3641 | Lair:5   | Entered Level 5 of the Lair of Beasts
  3788 | Lair:5   | Reached skill level 5 in Dodging
  3994 | Lair:5   | Noticed a sea snake
  4004 | Lair:5   | Killed a sea snake
  4061 | Lair:5   | HP: 5/116 [elephant (2)]
  4062 | Lair:5   | Slain by an elephant

Illustrated notes

Levels and vault maps discovered:
D:1:      dpeg_arrival_leaves_temple_mockup, layout_basic, minivault_4
D:2:      layout_rooms
D:3:      kennysheep_slugbush, layout_basic
D:4:      cheibrodos_quashed, layout_loops_ring, small_statue_intersection
D:5:      layout_basic, serial_shops, shop
D:6:      layout_cave_pools, uniq_eustachio
D:7:      layout_basic, grunt_temple_overflow_open,
          minmay_temple_entry_large_hall
D:8:      layout_basic, david_lair_generic, jiyva_altar_1, uniq_pikel,
          uniq_prince_ribbit1
D:9:      layout_basic, nicolae_qazlal_style_of_elements, st_stairs_8
Temple:   nicolae_temple_ecumenical_triangle
Lair:1:   layout_loops_ring, gammafunk_ghost_hive, beast_lair_carwin_5
Lair:2:   layout_gridlike, swamp_mist, dummy_spider_entry, st_stairs_4
Lair:3:   layout_gridlike, portal_ice_cave_demonic_guard, lemuel_oklob_altar,
          grunt_megastairs_4, uniq_kirke
Lair:4:   layout_regular_city, dpeg_slime_entry_enclosed
Lair:5:   gammafunk_lair_ancient_temple, layout_regular_city

Skill      XL: |  1  2  3  4  5  6  7  8  9 10 11 12 |
---------------+-------------------------------------+-----
Long Blades    | 3 4 |  4.6
Ranged Weapons | 2 4 5 7 9 10 | 10.0
Fighting       | 5 9 12 13 | 13.8
Dodging        | 1 4 6 |  6.2
Shields        | 4 7 9 |  9.8
Armour         | 5 7 |  7.5
Evocations     | 5 6 |  6.0

Action                   |  1- 3 |  4- 6 |  7- 9 | 10-12 || total
-------------------------+-------+-------+-------+-------++-------
Melee: Long sword        |    54 |       |       |       ||    54
 Fire: Sling             |       |    96 |   197 |   423 ||   716
Evoke: Wand              |       |       |       |     3 ||     3
  Use: Scroll            |       |       |       |    17 ||    17
       Potion            |       |       |       |     1 ||     1
Armor: Scale mail        |    17 |    21 |    29 |    84 ||   151
Dodge: Dodged            |    20 |    14 |    22 |   130 ||   186
Block: Buckler           |     6 |    15 |    21 |    17 ||    59
       Kite shield       |       |       |       |   163 ||   163

Table legend: (Time is in decaauts)
 A = Elapsed time spent in this place.
 B = Non-inter-level travel time spent in this place.
 C = Inter-level travel time spent in this place.
 D = Time resting spent in this place.
 E = Time spent auto-exploring this place.
 F = Levels seen in this place.
 G = Mean time per level.
                   A        B        C        D        E       F      G
               +--------+--------+--------+--------+--------+-----+--------+
         Total |   4228 |   3973 |    255 |     18 |   1759 |  15 |  281.9 |
       Dungeon |   3085 |   2857 |    228 |      0 |   1683 |   9 |  342.8 |
        Temple |     45 |     45 |      0 |      0 |     18 |   1 |   45.0 |
          Lair |   1097 |   1071 |     26 |     18 |     58 |   5 |  219.4 |
               +--------+--------+--------+--------+--------+-----+--------+

Top non-repeatable levels by time:
     D:8: 699 daAuts
     D:7: 467 daAuts
  Lair:5: 446 daAuts
     D:3: 382 daAuts
     D:5: 376 daAuts
     D:4: 364 daAuts
     D:6: 315 daAuts
  Lair:2: 265 daAuts
     D:2: 244 daAuts
     D:1: 227 daAuts
  Lair:1: 198 daAuts
  Lair:3: 145 daAuts
  Temple: 45 daAuts
  Lair:4: 41 daAuts
     D:9: 7 daAuts
